MLB
MILWAUKEE BREWERS @ ST. LOUIS CARDINALS
04/09/2018
 
TOP OF THE 1ST
Milwaukee Brewers batting - Pitching for St. Louis Cardinals : RHP Erick Fedde
Pitching: RHP Erick Fedde
Batting: RHB Eugenio Suarez 0-0: SINGLE (Groundball, 34D)
Batting: RHB Aaron Judge 0-0: Called Strike
0-1: Ball
1-1: Swinging Strike
1-2: Ball
2-2: 2-RUN HOME RUN (Flyball, 89XD), Distance : 417 ft
Batting: RHB Miguel Cabrera 0-0: Called Strike
0-1: Ball
1-1: Ball
2-1: Foul Ball, location: 2F
2-2: Foul Ball, location: 2F
2-2: Fly out, F7 (Flyball, 7S)
Batting: RHB Logan Forsythe 0-0: Called Strike
0-1: Swinging Strike
0-2: Fly out, F9 (Line Drive, 9D)
Batting: LHB Seth Smith 0-0: Swinging Strike
0-1: Ball
1-1: Ball
2-1: Ball
3-1: Foul Ball, location: 2F
3-2: Fly out, F8 (Flyball, 8LD)
Top of the 1st over - 2 runs, 2 hits, 0 errors, 0 left on base; Milwaukee 2 - St. Louis 0
BOTTOM OF THE 1ST
St. Louis Cardinals batting - Pitching for Milwaukee Brewers : RHP Adam Wainwright
Pitching: RHP Adam Wainwright
Batting: SHB Ozzie Albies 0-0: Called Strike
0-1: Foul Ball, location: 2F
0-2: Ground out 4-3 (Groundball, 4)
Batting: RHB Alex Bregman 0-0: Swinging Strike
0-1: SINGLE (Line Drive, 89S)
Batting: RHB Jose Alberto Martinez 0-0: Called Strike
0-1: Fly out, F7 (Flyball, 7LM)
Batting: LHB Matt Olson 0-0: Ball
1-0: Called Strike
1-1: Ball
Wild Pitch!
Alex Bregman to second
2-1: Ball
3-1: Base on Balls
Batting: LHB Alex Avila 0-0: Ball
1-0: Foul Ball, location: 2F
1-1: Swinging Strike
1-2: Ball
2-2: Ball
3-2: Ground out 4-3 (Groundball, 4)
Bottom of the 1st over - 0 runs, 1 hit, 0 errors, 2 left on base; Milwaukee 2 - St. Louis 0
TOP OF THE 2ND
Milwaukee Brewers batting - Pitching for St. Louis Cardinals : RHP Erick Fedde
Batting: RHB Addison Russell 0-0: Ball
1-0: Called Strike
1-1: Swinging Strike
1-2: Foul Ball, location: 2F
1-2: DOUBLE (Line Drive, 89XD)
Batting: SHB Tucker Barnhart 0-0: Called Strike
0-1: Called Strike
0-2: Ball
1-2: Ground out 4-3 (Groundball, 4)
Addison Russell to third
Batting: RHB Adam Wainwright 0-0: Ball
1-0: Foul Ball, location: 2F
1-1: SINGLE (Line Drive, 4D)
Addison Russell scores
Batting: RHB Taylor Motter 0-0: Called Strike
0-1: Ball
1-1: Swinging Strike
1-2: Foul Ball, location: 2F
1-2: Ball
2-2: Ball
3-2: Strikes out swinging
Batting: RHB Eugenio Suarez 0-0: Called Strike
0-1: Foul Ball, location: 2F
0-2: SINGLE (Line Drive, 8RS)
Adam Wainwright to second
Batting: RHB Aaron Judge 0-0: Ball
1-0: Ball
2-0: Ball
3-0: Base on Balls
Adam Wainwright to third
Eugenio Suarez to second
Batting: RHB Miguel Cabrera 0-0: Ball
1-0: Called Strike
1-1: Fly out, F3 (Popup, 3SF)
Top of the 2nd over - 1 run, 3 hits, 0 errors, 3 left on base; Milwaukee 3 - St. Louis 0
BOTTOM OF THE 2ND
St. Louis Cardinals batting - Pitching for Milwaukee Brewers : RHP Adam Wainwright
Batting: LHB Brett Phillips 0-0: Called Strike
0-1: Swinging Strike
0-2: Ball
1-2: Strikes out swinging
Batting: RHB Harrison Bader 0-0: Ball
1-0: Foul Ball, location: 2F
1-1: Ball
2-1: Foul Ball, location: 2F
2-2: Ball
3-2: Strikes out swinging
Batting: RHB Adeiny Hechavarria 0-0: Called Strike
0-1: Foul Ball, location: 2F
0-2: Ground out 6-3 (Groundball, 6)
Bottom of the 2nd over - 0 runs, 0 hits, 0 errors, 0 left on base; Milwaukee 3 - St. Louis 0
TOP OF THE 3RD
Milwaukee Brewers batting - Pitching for St. Louis Cardinals : RHP Erick Fedde
Batting: RHB Logan Forsythe 0-0: Ground out 6-3 (Groundball, 6)
Batting: LHB Seth Smith 0-0: Foul Ball, location: 2F
0-1: Foul Ball, location: 2F
0-2: DOUBLE (Flyball, 8RXD)
Batting: RHB Addison Russell 0-0: Called Strike
0-1: Ball
1-1: Ball
2-1: Foul Ball, location: 2F
2-2: Ball
3-2: Foul Ball, location: 2F
3-2: Base on Balls
Batting: SHB Tucker Barnhart 0-0: Ball
1-0: Called Strike
1-1: Foul Ball, location: 2F
1-2: Ball
Wild Pitch!
Seth Smith to third
Addison Russell to second
2-2: Ball
3-2: Strikes out looking
Batting: RHB Adam Wainwright 0-0: Called Strike
0-1: Called Strike
0-2: Strikes out swinging
Top of the 3rd over - 0 runs, 1 hit, 0 errors, 2 left on base; Milwaukee 3 - St. Louis 0
BOTTOM OF THE 3RD
St. Louis Cardinals batting - Pitching for Milwaukee Brewers : RHP Adam Wainwright
Batting: RHB Erick Fedde 0-0: Ball
1-0: SINGLE (Groundball, 6MD)
Batting: SHB Ozzie Albies 0-0: Ball
1-0: Ball
2-0: Fly out, F7 (Flyball, 7D)
Batting: RHB Alex Bregman 0-0: Foul Ball, location: 2F
0-1: Fly out, F8 (Flyball, 8LM)
Batting: RHB Jose Alberto Martinez 0-0: Called Strike
0-1: Swinging Strike
0-2: Ball
1-2: Ball
2-2: Fly out, F8 (Line Drive, 8LM)
Bottom of the 3rd over - 0 runs, 1 hit, 0 errors, 1 left on base; Milwaukee 3 - St. Louis 0
TOP OF THE 4TH
Milwaukee Brewers batting - Pitching for St. Louis Cardinals : RHP Erick Fedde
Batting: RHB Taylor Motter 0-0: Ball
1-0: Ball
2-0: Swinging Strike
2-1: Called Strike
2-2: Ball
3-2: Strikes out swinging
Batting: RHB Eugenio Suarez 0-0: Foul Ball, location: 2F
0-1: Ball
1-1: Called Strike
1-2: Fly out, F9 (Flyball, 89D)
Batting: RHB Aaron Judge 0-0: Fly out, F7 (Flyball, 7LSF)
Top of the 4th over - 0 runs, 0 hits, 0 errors, 0 left on base; Milwaukee 3 - St. Louis 0
BOTTOM OF THE 4TH
St. Louis Cardinals batting - Pitching for Milwaukee Brewers : RHP Adam Wainwright
Batting: LHB Matt Olson 0-0: Foul Ball, location: 2F
0-1: Swinging Strike
0-2: Ground out 5-3 (Groundball, 5L)
Batting: LHB Alex Avila 0-0: Ball
1-0: Called Strike
1-1: Ball
2-1: Ball
3-1: Foul Ball, location: 2F
3-2: Strikes out swinging, 2-3 out at first.
Batting: LHB Brett Phillips 0-0: Ball
1-0: Ground out 3-1 (Groundball, 34)
Bottom of the 4th over - 0 runs, 0 hits, 0 errors, 0 left on base; Milwaukee 3 - St. Louis 0
TOP OF THE 5TH
Milwaukee Brewers batting - Pitching for St. Louis Cardinals : RHP Erick Fedde
Batting: RHB Miguel Cabrera 0-0: Ball
1-0: Swinging Strike
1-1: Called Strike
1-2: Foul Ball, location: 2F
1-2: Ball
2-2: Ball
3-2: SINGLE (Flyball, 8RS)
Batting: RHB Logan Forsythe 0-0: Ball
1-0: Ball
2-0: Called Strike
2-1: Foul Ball, location: 2F
2-2: Ball
3-2: SINGLE (Groundball, 56D)
Miguel Cabrera to second
Miguel Cabrera to third
Pitching: LHP Brett Anderson
Batting: LHB Seth Smith 0-0: Foul Ball, location: 2F
0-1: Called Strike
0-2: Strikes out swinging
Batting: RHB Addison Russell 0-0: Foul Ball, location: 2F
0-1: Ball
1-1: Swinging Strike
1-2: Ball
2-2: Ball
3-2: Foul Ball, location: 2F
3-2: Strikes out swinging
Batting: SHB Tucker Barnhart 0-0: Called Strike
0-1: Called Strike
0-2: Fly out, F6 (Line Drive, 6)
Top of the 5th over - 0 runs, 2 hits, 0 errors, 2 left on base; Milwaukee 3 - St. Louis 0
BOTTOM OF THE 5TH
St. Louis Cardinals batting - Pitching for Milwaukee Brewers : RHP Adam Wainwright
Batting: RHB Harrison Bader 0-0: Ball
1-0: Ball
2-0: Fly out, F9 (Flyball, 89M)
Batting: RHB Adeiny Hechavarria 0-0: Foul Ball, location: 2F
0-1: Ball
1-1: Ball
2-1: Called Strike
2-2: Ball
3-2: Ground out 4-3 (Groundball, 4)
Batting: LHB Brett Anderson 0-0: Called Strike
0-1: Swinging Strike
0-2: Strikes out swinging
Bottom of the 5th over - 0 runs, 0 hits, 0 errors, 0 left on base; Milwaukee 3 - St. Louis 0
TOP OF THE 6TH
Milwaukee Brewers batting - Pitching for St. Louis Cardinals : LHP Brett Anderson
Batting: RHB Adam Wainwright 0-0: Called Strike
0-1: Called Strike
0-2: Ball
1-2: Strikes out swinging
Batting: RHB Taylor Motter 0-0: Called Strike
0-1: Ball
1-1: Foul Ball, location: 2F
1-2: Ground out 6-3 (Groundball, 56)
Batting: RHB Eugenio Suarez 0-0: Called Strike
0-1: Ball
1-1: Ball
2-1: Ball
3-1: Swinging Strike
3-2: SOLO HOME RUN (Flyball, 7D), Distance : 361 ft
Batting: RHB Aaron Judge 0-0: Ball
1-0: Swinging Strike
1-1: Foul Ball, location: 2F
1-2: Ball
2-2: Ball
3-2: Foul Ball, location: 2F
3-2: Base on Balls
Batting: RHB Miguel Cabrera 0-0: Ball
1-0: Ball
2-0: SINGLE (Line Drive, 89S)
Aaron Judge to second
Pitching: LHP Fernando Abad
Batting: RHB Logan Forsythe 0-0: Swinging Strike
0-1: Ball
1-1: Called Strike
1-2: Foul Ball, location: 2F
1-2: Ground out 5-3 (Groundball, 56S)
Top of the 6th over - 1 run, 2 hits, 0 errors, 2 left on base; Milwaukee 4 - St. Louis 0
BOTTOM OF THE 6TH
St. Louis Cardinals batting - Pitching for Milwaukee Brewers : RHP Adam Wainwright
Batting: SHB Ozzie Albies 0-0: Called Strike
0-1: Foul Ball, location: 2F
0-2: Strikes out swinging
Batting: RHB Alex Bregman 0-0: Ball
1-0: Ball
2-0: Called Strike
2-1: Called Strike
2-2: Strikes out swinging
Batting: RHB Jose Alberto Martinez 0-0: Foul Ball, location: 2F
0-1: Ball
1-1: Ball
2-1: Ball
3-1: Foul Ball, location: 2F
3-2: Base on Balls
Batting: LHB Matt Olson 0-0: Ground out U3 (Groundball, 3S)
Bottom of the 6th over - 0 runs, 0 hits, 0 errors, 1 left on base; Milwaukee 4 - St. Louis 0
TOP OF THE 7TH
Milwaukee Brewers batting - Pitching for St. Louis Cardinals : LHP Fernando Abad
Batting: LHB Seth Smith 0-0: Ball
1-0: Foul Ball, location: 2F
1-1: Swinging Strike
1-2: Foul Ball, location: 2F
1-2: Ball
2-2: Foul Ball, location: 2F
2-2: Strikes out swinging
Batting: RHB Addison Russell 0-0: Ball
1-0: Called Strike
1-1: Ball
2-1: Ball
3-1: Base on Balls
Batting: SHB Tucker Barnhart 0-0: Swinging Strike
0-1: Ball
1-1: Ball
2-1: Swinging Strike
2-2: Foul Ball, location: 2F
2-2: Ball
3-2: Strikes out looking
Batting: RHB Adam Wainwright 0-0: Called Strike
0-1: Foul Ball, location: 2F
0-2: Ball
1-2: Ball
2-2: Strikes out swinging
Top of the 7th over - 0 runs, 0 hits, 0 errors, 1 left on base; Milwaukee 4 - St. Louis 0
BOTTOM OF THE 7TH
St. Louis Cardinals batting - Pitching for Milwaukee Brewers : RHP Adam Wainwright
Batting: LHB Alex Avila 0-0: Foul Ball, location: 2F
0-1: Swinging Strike
0-2: Foul Ball, location: 2F
0-2: Ball
1-2: Ground out 6-3 (Groundball, 4)
Batting: LHB Brett Phillips 0-0: Called Strike
0-1: Ball
1-1: DOUBLE (Groundball, 5L)
Batting: RHB Harrison Bader 0-0: Ball
1-0: DOUBLE (Flyball, 89XD)
Brett Phillips scores
Batting: RHB Adeiny Hechavarria 0-0: SINGLE (Line Drive, 56D)
Harrison Bader to third
Runner from 3rd tries for Home, SAFE, throw made home
Pinch Hitting: RHB Mark Reynolds 0-0: Called Strike
0-1: Called Strike
0-2: Strikes out swinging
Pitching: RHP Aaron Barrett
Batting: SHB Ozzie Albies 0-0: Ball
1-0: Called Strike
1-1: Ball
2-1: Swinging Strike
2-2: Strikes out swinging
Bottom of the 7th over - 2 runs, 3 hits, 0 errors, 1 left on base; Milwaukee 4 - St. Louis 2
TOP OF THE 8TH
Milwaukee Brewers batting - Pitching for St. Louis Cardinals : LHP Fernando Abad
Pitching: RHP Fernando Rodney
Batting: RHB Taylor Motter 0-0: Ball
1-0: Called Strike
1-1: Foul Ball, location: 2F
1-2: Strikes out swinging
Batting: RHB Eugenio Suarez 0-0: Called Strike
0-1: Ball
1-1: Ball
2-1: Ball
3-1: Swinging Strike
3-2: Strikes out swinging
Batting: RHB Aaron Judge 0-0: Ball
1-0: Foul Ball, location: 2F
1-1: Ground out 6-3 (Groundball, 6)
Top of the 8th over - 0 runs, 0 hits, 0 errors, 0 left on base; Milwaukee 4 - St. Louis 2
BOTTOM OF THE 8TH
St. Louis Cardinals batting - Pitching for Milwaukee Brewers : RHP Aaron Barrett
Pitching: RHP Nick Rumbelow
Batting: RHB Alex Bregman 0-0: Ground out 6-3 (Groundball, 6)
Batting: RHB Jose Alberto Martinez 0-0: Foul Ball, location: 2F
0-1: Fly out, F9 (Flyball, 9D)
Batting: LHB Matt Olson 0-0: Ball
1-0: Ball
2-0: Swinging Strike
2-1: Called Strike
2-2: Foul Ball, location: 2F
2-2: Ball
3-2: Foul Ball, location: 2F
3-2: Base on Balls
Batting: LHB Alex Avila 0-0: Ball
1-0: Ball
2-0: 2-RUN HOME RUN (Flyball, 9D), Distance : 359 ft
Pitching: RHP Trevor May
Batting: LHB Brett Phillips 0-0: Ball
1-0: Foul Ball, location: 2F
1-1: Foul Ball, location: 2F
1-2: Strikes out looking
Bottom of the 8th over - 2 runs, 1 hit, 0 errors, 0 left on base; Milwaukee 4 - St. Louis 4
TOP OF THE 9TH
Milwaukee Brewers batting - Pitching for St. Louis Cardinals : RHP Fernando Rodney
Pitching: RHP Mark Melancon
Batting: RHB Miguel Cabrera 0-0: Ball
1-0: Called Strike
1-1: Swinging Strike
1-2: Ball
2-2: Foul Ball, location: 2F
2-2: Ball
3-2: Ground out 6-3 (Groundball, 6)
Batting: RHB Logan Forsythe 0-0: Ball
1-0: Ball
2-0: Foul Ball, location: 2F
2-1: Called Strike
2-2: Strikes out looking
Batting: LHB Seth Smith 0-0: Ball
1-0: Called Strike
1-1: Fly out, F9 (Flyball, 89M)
Top of the 9th over - 0 runs, 0 hits, 0 errors, 0 left on base; Milwaukee 4 - St. Louis 4
BOTTOM OF THE 9TH
St. Louis Cardinals batting - Pitching for Milwaukee Brewers : RHP Trevor May
Pitching: RHP Pat Neshek
Batting: RHB Harrison Bader 0-0: Foul Ball, location: 2F
0-1: Ball
1-1: Ball
2-1: Fly out, F9 (Line Drive, 9)
Batting: RHB Adeiny Hechavarria 0-0: Called Strike
0-1: Foul Ball, location: 2F
0-2: Ball
1-2: SINGLE (Groundball, 56) (infield hit)
Pinch Hitting: SHB Eduardo Escobar 0-0: Called Strike
0-1: Foul Ball, location: 2F
0-2: Ball
1-2: Ball
2-2: Strikes out swinging
Batting: SHB Ozzie Albies 0-0: Called Strike
0-1: Ball
1-1: Foul Ball, location: 2F
1-2: Foul Ball, location: 2F
1-2: SINGLE (Groundball, 34D)
Adeiny Hechavarria to second
Runner from 2nd tries for 3rd, SAFE, throw made to third
Pitching: RHP Chad Green
Batting: RHB Alex Bregman 0-0: Fielders Choice at 2nd, 6-4 (Groundball, 56)
Bottom of the 9th over - 0 runs, 2 hits, 0 errors, 2 left on base; Milwaukee 4 - St. Louis 4
TOP OF THE 10TH
Milwaukee Brewers batting - Pitching for St. Louis Cardinals : RHP Mark Melancon
Pitching: RHP Zac Reininger
Batting: RHB Addison Russell 0-0: Called Strike
0-1: Foul Ball, location: 2F
0-2: DOUBLE (Flyball, 8RXD)
Batting: SHB Tucker Barnhart 0-0: Ball
Wild Pitch!
Addison Russell to third
1-0: Foul Ball, location: 2F
1-1: Called Strike
1-2: Ball
2-2: Foul Ball, location: 2F
2-2: Ball
3-2: Base on Balls
Pinch Hitting: LHB Lucas Duda 0-0: Hit by Pitch
Tucker Barnhart to second
Batting: RHB Taylor Motter 0-0: Ball
1-0: Grounds into fielders choice 6-2 (Groundball, 6)
Tucker Barnhart to third
Lucas Duda to second
Batting: RHB Eugenio Suarez 0-0: Ball
1-0: Ball
2-0: Called Strike
2-1: Called Strike
2-2: Ball
3-2: DOUBLE (Line Drive, 7LM)
Tucker Barnhart scores
Lucas Duda scores
Taylor Motter to third
Runner from 3rd tries for Home, SAFE, no throw
Batting: RHB Aaron Judge 0-0: Intentional Walk
Pitching: RHP Brad Ziegler
Batting: RHB Miguel Cabrera 0-0: Swinging Strike
0-1: Ball
1-1: Foul Ball, location: 2F
1-2: Fly out, F9 (Flyball, 89S)
Batting: RHB Logan Forsythe 0-0: Called Strike
0-1: Ball
1-1: Foul Ball, location: 2F
1-2: Foul Ball, location: 2F
1-2: Ball
2-2: Foul Ball, location: 2F
2-2: Fielders Choice at 2nd, 5-4 (Groundball, 56)
Top of the 10th over - 3 runs, 2 hits, 0 errors, 2 left on base; Milwaukee 7 - St. Louis 4
BOTTOM OF THE 10TH
St. Louis Cardinals batting - Pitching for Milwaukee Brewers : RHP Chad Green
Pitching: LHP Andrew Miller
Batting: RHB Jose Alberto Martinez 0-0: Swinging Strike
0-1: Ball
1-1: Ball
2-1: Called Strike
2-2: Foul Ball, location: 2F
2-2: Fly out, F7 (Flyball, 7S)
Batting: LHB Matt Olson 0-0: Ball
1-0: Ball
2-0: Called Strike
2-1: Ball
3-1: Base on Balls
Batting: LHB Alex Avila 0-0: Ball
1-0: Called Strike
1-1: Foul Ball, location: 2F
1-2: Foul Ball, location: 2F
1-2: Strikes out looking
Batting: LHB Brett Phillips 0-0: Ball
1-0: Called Strike
1-1: Foul Ball, location: 2F
1-2: Foul Ball, location: 2F
1-2: Fly out, F6 (Line Drive, 6)
Bottom of the 10th over - 0 runs, 0 hits, 0 errors, 1 left on base; Milwaukee 7 - St. Louis 4
Wednesday, May 30th, 2018 - OOTP Baseball 19.6 Build 53